 Dungeon Crawl Stone Soup version 0.27-a0-972-gd1521fd518 (webtiles) character file.

Game seed: 13151186520616408771

185 polve the Cutter (level 5, -1/42 HPs)
             Began as a Demonspawn Abyssal Knight on Apr 13, 2021.
             Was a Believer of Lugonu.
             Slain by Grinder (10 damage)
             ... on level 4 of the Dungeon.
             The game lasted 00:02:49 (4785 turns).

polve the Cutter (Demonspawn Abyssal Knight)        Turns: 4785, Time: 00:02:49

Health: -1/42      AC:  4    Str: 13    XL:     5   Next: 37%
Magic:  6/6        EV: 11    Int: 14    God:    Lugonu [**....]
Gold:   162        SH:  0    Dex: 18    Spells: 4/4 levels left

rFire    . . .     SeeInvis .   g - +0 rapier
rCold    . . .     Faith    .   (no shield)
rNeg     . . .     Spirit   .   b - +0 leather armour
rPois    .         Reflect  .   (helmet restricted)
rElec    .         Harm     .   (no cloak)
rCorr    .         Rampage  .   i - +0 pair of gloves
Will     .....                  (no boots)
Stlth    +.........             (no amulet)
HPRegen  0.14/turn              e - +6 ring of dexterity
MPRegen  0.10/turn              (no ring)

@: mighty
A: antennae 1, ignite blood 1
a: Renounce Religion, Depart the Abyss, Bend Space


You were on level 4 of the Dungeon.
You worshipped Lugonu.
Lugonu was pleased with you.
You visited 1 branch of the dungeon, and saw 4 of its levels.
You visited the Abyss 1 time.

You collected 162 gold pieces.

Inventory:

Hand Weapons
 a - a +1 short sword
 g - a +0 rapier (weapon)
Missiles
 d - 8 curare-tipped darts
Armour
 b - a +0 leather armour (worn)
 i - a +0 pair of gloves (worn)
Jewellery
 e - a +6 ring of dexterity (left hand)
Scrolls
 c - 3 scrolls of identify {unknown}
 f - 4 scrolls of teleportation {unknown}


   Skills:
 * Level 4.1 Fighting
 + Level 4.4 Short Blades
 - Level 1.7 Armour
 - Level 0.8 Dodging
 - Level 2.4 Invocations


You had 4 spell levels left.
You didn't know any spells.
Your spell library was empty.

Dungeon Overview and Level Annotations

Branches:
Dungeon (4/15)
 Temple: D:4-7

Altars:
Hepliaklqana

Shops:
D:1 ?

Annotations:
D:4 Grinder


Innate Abilities, Weirdness & Mutations

You have a pair of small antennae on your head.
Your demonic aura sometimes causes spilled blood to erupt in flames


Message History

Pain shoots through your body!
You hit Grinder but do no damage. You hit Grinder.
Grinder is lightly wounded.
Grinder barely misses you.
You hit Grinder but do no damage.
Grinder is lightly wounded.
Grinder gestures at you. You resist with significant effort.
You puncture Grinder!
Grinder is moderately wounded.
Grinder closely misses you.
You hit Grinder but do no damage.
Grinder is moderately wounded.
Grinder closely misses you.
You closely miss Grinder.
Grinder is moderately wounded.
Grinder hits you but does no damage.
You barely miss Grinder.
Grinder is moderately wounded.
Grinder closely misses you.
You feel very mighty all of a sudden. Grinder gestures at you.
Pain shoots through your body!
You puncture Grinder!
Grinder is heavily wounded.
Grinder hits you!
You writhe in agony.
You closely miss Grinder.
Grinder is heavily wounded.
Grinder hits you but does no damage.
You closely miss Grinder.
Grinder is heavily wounded.
Grinder gestures at you. Pain shoots through your body!
* * * LOW HITPOINT WARNING * * *
You hit Grinder.
Grinder is severely wounded.
Grinder blinks!
Grinder hits you!
You die...

## #.. .#### #...
....# #.... ....##
#..... ##.....
......# ##....
...#...##...#
...........###...
.......5@.........
..................
#.....<.......#.#
.....#.........#
##.. #.........#
#. .......#### .
#.....### .......
...#..###


You could see Grinder.

Vanquished Creatures
  An orc wizard (D:3)
  8 adders
  2 worms (D:2)
  2 dart slugs
  3 orcs (D:3)
  5 endoplasms
  3 giant cockroaches
  6 goblins
  7 hobgoblins
  8 jackals
  7 kobolds
  A quokka (D:2)
  5 ball pythons
  7 bats
  2 frilled lizards
  4 rats
71 creatures vanquished.

Notes
Turn   | Place    | Note
-------+----------+-------------------------------------------
     0 | Abyss:1  | polve the Demonspawn Abyssal Knight began the quest for the
                  | Orb.
     0 | Abyss:1  | Reached XP level 1. HP: 18/18 MP: 2/2
    35 | Abyss:1  | Noticed a ynoxinul
    37 | D:1      | Escaped the Abyss
    74 | D:1      | Found Cuyta's Magic Scroll Shoppe.
   296 | D:1      | Gained mutation: Your demonic aura sometimes causes spilled
                  | blood to erupt in flames [demonic ancestry]
   296 | D:1      | Reached XP level 2. HP: 24/24 MP: 3/3
   378 | D:1      | Reached * piety under Lugonu
   818 | D:1      | Found a faded altar of an unknown god.
  1380 | D:2      | Reached XP level 3. HP: 24/29 MP: 4/4
  2206 | D:2      | Reached XP level 4. HP: 4/35 MP: 5/5
  3791 | D:3      | Gained mutation: You have a pair of small antennae on your
                  | head. [demonic ancestry]
  3791 | D:3      | Reached XP level 5. HP: 37/42 MP: 6/6
  4033 | D:3      | Reached ** piety under Lugonu
  4525 | D:3      | Found a hazy altar of Hepliaklqana.
  4768 | D:4      | Noticed Grinder
  4785 | D:4      | Slain by Grinder

Illustrated notes

Levels and vault maps discovered:
D:1:      dpeg_arrival_fog, layout_loops_ring, serial_shops, shop,
          hellmonk_ecumenical_altar_prayer_group, minmay_vboxes
D:2:      minmay_razor_zed, layout_loops_ring
D:3:      layout_loops_ring, worldfamousw_hep_ancestral_shrine,
          hangedman_decor_opposing
D:4:      layout_cave_pools, kennysheep_windowed_goal, uniq_grinder,
          uniq_sigmund, uniq_blork_the_orc

Skill      XL: |  1  2  3  4  5 |
---------------+----------------+-----
Short Blades   | 2 3 4 |  4.4
Fighting       | 4 |  4.1
Armour         | |  1.7
Dodging        | |  0.8
Invocations    | |  2.4

Action                   |  1- 3 |  4- 6 || total
-------------------------+-------+-------++-------
Melee: Short sword       |   113 |     6 ||   119
       Rapier            |       |   141 ||   141
Invok: Depart the Abyss  |     1 |       ||     1
  Use: Potion            |     1 |     1 ||     2
 Stab: Sleeping          |     1 |     3 ||     4
Armor: Leather armour    |    35 |    37 ||    72
Dodge: Dodged            |    57 |    78 ||   135

Table legend: (Time is in decaauts)
 A = Elapsed time spent in this place.
 B = Non-inter-level travel time spent in this place.
 C = Inter-level travel time spent in this place.
 D = Time resting spent in this place.
 E = Time spent auto-exploring this place.
 F = Levels seen in this place.
 G = Mean time per level.
                   A        B        C        D        E       F      G
               +--------+--------+--------+--------+--------+-----+--------+
         Total |   4774 |   4665 |    109 |     57 |   4093 |   5 |  954.8 |
       Dungeon |   4737 |   4628 |    109 |     57 |   4058 |   4 | 1184.2 |
         Abyss |     37 |     37 |      0 |      0 |     35 |   1 |   37.0 |
               +--------+--------+--------+--------+--------+-----+--------+

Top non-repeatable levels by time:
     D:2: 2240 daAuts
     D:1: 1286 daAuts
     D:3: 1194 daAuts
 Abyss:1: 37 daAuts
     D:4: 16 daAuts
